 Dungeon Crawl Stone Soup version 0.27.0-1-g7a089689b8 (webtiles) character file.

Game seed: 5338088408124198955

850 SomeFlowers the Shooter (level 7, -1/54 HPs)
             Began as a Mummy Chaos Knight on July 31, 2021.
             Was a Plaything of Xom.
             Slain by a water moccasin zombie (4 damage)
             ... on level 5 of the Dungeon on Aug 1, 2021.
             The game lasted 00:11:31 (4396 turns).

SomeFlowers the Shooter (Mummy Chaos Knight)        Turns: 4396, Time: 00:11:31

Health: -1/54      AC:  7    Str: 15    XL:     7   Next: 69%
Magic:  7/7        EV: 11    Int: 12    God:    Xom [....*.]
Gold:   201        SH:  0    Dex: 13    Spells: 6/6 levels left

rFire    x . .     SeeInvis .   y - +0 halberd
rCold    + . .     Faith    .   (shield currently unavailable)
rNeg     + + +     Spirit   .   a - +2 leather armour
rPois    ∞         Reflect  .   g - +1 hat
rElec    .         Harm     .   (no cloak)
rCorr    .         Rampage  .   u - +0 pair of gloves
Will     .....                  (no boots)
Stlth    +.........             (no amulet)
HPRegen  0.18/turn              (no ring)
MPRegen  0.10/turn              (no ring)

@: no status effects
A: cold resistance 1, negative energy resistance 3, torment resistance 2, heat
vulnerability 1, no potions
a: Renounce Religion


You were on level 5 of the Dungeon.
You worshipped Xom.
You were a beloved toy of Xom.
You visited 1 branch of the dungeon, and saw 5 of its levels.

You collected 201 gold pieces.

Inventory:

Hand Weapons
 b - a +3 whip
 k - a +2 dagger of protection
 m - a +3 shortbow of chaos
 y - a +0 halberd (weapon)
Missiles
 i - 8 boomerangs (quivered)
 n - 39 arrows
 p - a throwing net
Armour
 a - a +2 leather armour (worn)
 f - a +0 tower shield
 g - a +1 hat (worn)
 u - a +0 pair of gloves (worn)
 v - a +2 tower shield
Jewellery
 r - a ring of ice
Wands
 s - a wand of flame (16)
Scrolls
 c - 2 scrolls of noise {unknown}
 d - 2 scrolls of acquirement {unknown}
 e - a scroll of magic mapping {unknown}
 h - a scroll of brand weapon {unknown}
 j - 2 scrolls of teleportation {unknown}
 l - 2 scrolls of enchant weapon {unknown}
 o - 2 scrolls of amnesia {unknown}
 w - 2 scrolls of blinking {unknown}
 x - a scroll of vulnerability {unknown}
 z - a scroll of identify {unknown}
 A - a scroll of fog {unknown}


   Skills:
 - Level 4.0 Fighting
 * Level 0.2 Polearms
 + Level 6.4 Bows
 - Level 1.5 Armour
 - Level 0.7 Dodging
 - Level 3.2 Unarmed Combat


You had 6 spell levels left.
You didn't know any spells.
Your spell library contained the following spells:

 Spells                   Type           Power      Damage    Failure   Level
 Sandblast                Erth           0%         2d4       38%         1
 Passwall                 Tmut/Erth      0%         N/A       52%         2
 Lee's Rapid Deconstruct  Erth           0%         3d5*      100%        5


Dungeon Overview and Level Annotations

Branches:
Dungeon (5/15)             Temple (0/1) D:4

Altars:
Gozag
Xom


Innate Abilities, Weirdness & Mutations

You are immune to poison.
Your flesh is cold resistant. (rC+)
You are immune to negative energy. (rN+++)
You are immune to unholy pain and torment.
You are vulnerable to heat. (rF-)
You do not drink.


Message History

The water moccasin zombie is severely damaged.
The helpless water moccasin zombie fails to defend itself.
You hit the water moccasin zombie.
The water moccasin zombie is severely damaged.
The water moccasin zombie is no longer petrified.
The water moccasin zombie bites you.
The water moccasin zombie barely misses you.
You hit the water moccasin zombie.
The water moccasin zombie is severely damaged.
The water moccasin zombie bites you.
The water moccasin zombie bites you but does no damage.
You barely miss the water moccasin zombie.
The water moccasin zombie is severely damaged.
The water moccasin zombie bites you.
You closely miss the water moccasin zombie.
The water moccasin zombie is severely damaged.
The water moccasin zombie bites you. x2
* * * LOW HITPOINT WARNING * * *
You barely miss the water moccasin zombie.
The water moccasin zombie is severely damaged.
The water moccasin zombie barely misses you.
The water moccasin zombie bites you.
* * * LOW HITPOINT WARNING * * *
Unknown command.
You hit the water moccasin zombie but do no damage.
The water moccasin zombie is severely damaged.
The water moccasin zombie bites you but does no damage.
The water moccasin zombie bites you.
* * * LOW HITPOINT WARNING * * *
Unknown command.
You can't drink.
As you read the scroll labelled QUKEON BUCK, it crumbles to dust.
The creatures around you are filled with an inner flame!
It was a scroll of immolation.
The water moccasin zombie bites you.
* * * LOW HITPOINT WARNING * * *
As you read the scroll labelled BIULE POMOI, it crumbles to dust.
You assume a fearsome visage.
The water moccasin zombie is unaffected.
It was a scroll of fear.
The water moccasin zombie bites you.
You die...

# #.#.. ....
##[####.≈≈#≈≈≈≈≈ # #..####.#
#.....#≈≈≈≈≈#≈≈≈ # #.S .#
.###.≈≈≈≈≈#≈≈≈≈ # #.#.l##
#.# . #.≈≈≈.†≈≈... # #....<#
#. .# #..≈≈.8.!.<( #
###...###. .# ##≈≈≈.#≈≈... #
#........ .# #≈≈≈#.≈#≈≈≈ #
##..###..####.#####≈≈≈≈≈≈≈≈≈
#
#l.##.....@........≈≈≈≈≈≈≈≈
#
#..##.###.Z..####.#≈#≈≈≈≈≈≈
# ...# #..(## #.##≈(#≈≈≈≈ #
##.. ###...# #. #..#≈#≈# #
#.....#†# ##. #≈≈.≈ #
###.###.# #.# # #....##.#
.... # #...b##.##8..P. #
#....##...lZ8.#


You could see a water moccasin zombie (inner flame).

Vanquished Creatures
  Grinder (D:3)
  An ogre (D:3)
  A scorpion (D:5)
  2 hounds
  Natasha (D:3)
  2 iguanas
  3 orc wizards
  A killer bee zombie (D:5)
  A hound skeleton (D:5)
  4 adders
  An ufetubus (D:5)
  2 worms (D:2)
  8 dart slugs
  13 orcs
  6 ball pythons
  3 bats
  5 endoplasms
  3 giant cockroaches
  4 goblins (D:1)
  12 hobgoblins
  5 jackals
  A quokka (D:2)
  4 frilled lizards
  8 kobolds
  4 rats
96 creatures vanquished.

Vanquished Creatures (collateral kills)
  3 gnolls (D:2)
  A hobgoblin (D:2)
4 creatures vanquished.

Vanquished Creatures (others)
  Sigmund (D:3)
  12 withered plants (D:5)
13 creatures vanquished.

Grand Total: 113 creatures vanquished

Notes
Turn   | Place    | Note
-------+----------+-------------------------------------------
     0 | D:1      | SomeFlowers the Mummy Chaos Knight began the quest for the
                  | Orb.
     0 | D:1      | Reached XP level 1. HP: 18/18 MP: 1/1
   100 | D:1      | XOM: potion effect (curing)
   184 | D:1      | Reached XP level 2. HP: 24/24 MP: 2/2
   543 | D:1      | Found a faded altar of an unknown god.
   676 | D:2      | XOM: cloud trail
   698 | D:2      | XOM: god gift: +3 shortbow of chaos
   707 | D:2      | XOM: butterfly on damage
   709 | D:2      | XOM: divination: detect items
   861 | D:2      | Reached XP level 3. HP: 29/29 MP: 3/3
  1021 | D:2      | XOM: summons 3 friendly demons
  1275 | D:2      | Reached XP level 4. HP: 26/37 MP: 4/4
  1432 | D:2      | XOM is BORED!
  1432 | D:2      | XOM: noise
  1637 | D:3      | Reached skill level 1 in Bows
  1699 | D:3      | XOM: 2-stop teleportation journey
  1759 | D:3      | XOM: 6-stop teleportation journey
  1769 | D:3      | XOM: confuse monster(s)
  1839 | D:3      | XOM: 3-stop teleportation journey
  1844 | D:3      | Noticed Grinder
  1868 | D:3      | Killed Grinder
  1869 | D:3      | Reached skill level 3 in Bows
  1869 | D:3      | Reached XP level 5. HP: 27/42 MP: 5/5
  1869 | D:3      | Reached XP level 6. HP: 31/48 MP: 6/6
  1991 | D:3      | Noticed Natasha
  1998 | D:3      | Killed Natasha
  1999 | D:3      | Reached skill level 4 in Bows
  2138 | D:3      | Noticed Ijyb
  2166 | D:3      | Noticed Ijyb
  2166 | D:3      | Ijyb changed into Ijyb the hound
  2166 | D:3      | XOM: polymorph Ijyb -> Ijyb the hound
  2206 | D:2      | Killed Ijyb the hound
  2468 | D:2      | XOM: cloud trail
  2535 | D:3      | XOM: scenery: summon butterflies
  2642 | D:3      | XOM: cloud trail
  2708 | D:3      | Noticed Sigmund
  2890 | D:3      | Killed Sigmund
  2890 | D:3      | XOM: divine lightning
  2891 | D:3      | Reached skill level 5 in Bows
  3087 | D:3      | Reached XP level 7. HP: 41/54 MP: 7/7
  3203 | D:4      | XOM is BORED!
  3203 | D:4      | XOM: 10-stop teleportation journey
  3227 | D:4      | XOM: divination: detect creatures
  3358 | D:4      | XOM: scenery: create altars
  3362 | D:4      | Found a staircase to the Ecumenical Temple.
  3417 | D:3      | XOM: enchant monster (good)
  3809 | D:4      | XOM: scenery: create altars
  3861 | D:4      | Found an opulent altar of Gozag.
  3928 | D:5      | Entered Level 5 of the Dungeon
  3979 | D:5      | Reached skill level 6 in Bows
  4168 | D:5      | XOM: cloud trail
  4237 | D:5      | XOM: god gift: halberd {god gift}
  4344 | D:5      | XOM: scenery: summon butterflies
  4381 | D:5      | XOM: enchant monster (good)
  4396 | D:5      | Slain by a water moccasin zombie

Illustrated notes

Levels and vault maps discovered:
D:1:      dpeg_arrival_shelter, layout_rooms, shapermc_ecumenical_altar_venn,
          kennysheep_decorative_pillar
D:2:      layout_loops_ring, st_stairs_1
D:3:      layout_basic, kennysheep_nondescript, minmay_door_square,
          uniq_grinder, uniq_ijyb, uniq_natasha, uniq_sigmund
D:4:      layout_cave_pools, mainiacjoe_overflow_alcove_4,
          minmay_temple_entry_poolview, kennysheep_generic_room_12
D:5:      kennysheep_slugbush, layout_loops_ring, serial_undead,
          serial_undead_e, serial_undead_b, serial_undead_c, serial_undead_c,
          serial_undead_b

Skill      XL: |  1  2  3  4  5  6  7 |
---------------+----------------------+-----
Unarmed Combat | 3 |  3.2
Fighting       | 4 |  4.0
Bows           | 3 5 6 |  6.4
Polearms       | |  0.2
Armour         | |  1.5
Dodging        | |  0.7

Action                   |  1- 3 |  4- 6 |  7- 9 || total
-------------------------+-------+-------+-------++-------
Melee: Whip              |    52 |       |       ||    52
       Unarmed           |     7 |       |       ||     7
       Dagger            |    66 |   156 |    29 ||   251
       Punch             |       |     2 |       ||     2
       Halberd           |       |       |    30 ||    30
 Fire: Shortbow          |     1 |    36 |    42 ||    79
Throw: Boomerang         |       |       |     1 ||     1
  Use: Scroll            |       |       |     2 ||     2
 Stab: Paralysed         |     4 |       |       ||     4
       Distracted        |     2 |       |       ||     2
       Sleeping          |       |     1 |       ||     1
       Petrified         |       |       |     5 ||     5
Armor: Leather armour    |    42 |    75 |    34 ||   151
Dodge: Dodged            |    47 |   116 |    28 ||   191
Block: Tower shield      |    21 |       |       ||    21
